 Dungeon Crawl Stone Soup version 0.27-a0-1185-ga233589e6f (webtiles) character file.

Game seed: 6704546285175154189

1094 DasRunzen the Poker (level 7, -7/59 HPs)
             Began as a Demigod Gladiator on May 19, 2021.
             Killed by divine providence
             ... invoked by an orc priest
              (16 damage)
             ... on level 5 of the Dungeon.
             The game lasted 00:09:31 (5692 turns).

DasRunzen the Poker (Demigod Gladiator)             Turns: 5692, Time: 00:09:31

Health: -7/59      AC: 13    Str: 19    XL:     7   Next: 83%
Magic:  14/14      EV: 13    Int: 14    God:
Gold:   201        SH:  4    Dex: 15    Spells: 12/12 levels left

rFire    . . .     SeeInvis .   a - +0 trident (flame)
rCold    . . .     Faith    .   m - +0 buckler
rNeg     . . .     Spirit   .   b - +0 leather armour
rPois    .         Reflect  .   o - +2 helmet
rElec    .         Harm     .   g - +1 cloak
rCorr    .         Rampage  .   r - +2 pair of gloves
Will     +....                  n - +0 pair of boots
Stlth    +.........             (no amulet)
HPRegen  0.19/turn              h - ring of willpower
MPRegen  0.14/turn              (no ring)

@: no status effects
A: high mp 1, forlorn
a: no special abilities


You were on level 5 of the Dungeon.
You visited 1 branch of the dungeon, and saw 5 of its levels.

You collected 201 gold pieces.

Inventory:

Hand Weapons
 a - a +0 trident of flaming (weapon)
Missiles
 d - 3 throwing nets (quivered)
Armour
 b - a +0 leather armour (worn)
 g - a +1 cloak (worn)
 m - a +0 buckler (worn)
 n - a +0 pair of boots (worn)
 o - a +2 helmet (worn)
 r - a +2 pair of gloves (worn)
Jewellery
 h - a ring of willpower (left hand)
Wands
 i - a wand of mindburst (7)
 k - a wand of flame (27)
 l - a wand of polymorph (12)
Scrolls
 q - a scroll of teleportation
 s - a scroll of identify
Potions
 c - a potion of heal wounds {unknown}
 e - a potion of haste
 f - a potion of brilliance
 j - a potion of might
 p - a potion of ambrosia


   Skills:
 + Level 4.2 Fighting
 + Level 4.6 Polearms
 - Level 1.7 Throwing
 + Level 3.3 Armour
 + Level 4.5 Dodging
 + Level 1.8 Shields
 + Level 3.1 Spellcasting


You had 12 spell levels left.
You didn't know any spells.
Your spell library was empty.

Dungeon Overview and Level Annotations

Branches:
Dungeon (5/15)             Temple (0/1) D:5


Innate Abilities, Weirdness & Mutations

Your attributes grow dramatically as you level up.
You have an increased reservoir of magic. (+10% MP)
You shall have no god before yourself.


Message History

The puff of flame misses you.
You closely miss the scorpion.
The scorpion stings you but does no damage.
You hit the scorpion but do no damage.
The scorpion stings you but does no damage.
You block the scorpion's attack.
You hit the orc priest. You burn the orc priest.
The orc priest is heavily wounded.
The orc wizard gestures at itself while chanting.
The orc wizard flickers and vanishes!
Deactivating autopickup; reactivate with Ctrl-A.
The orc priest calls down the wrath of Beogh upon you.
Beogh smites you!
The scorpion stings you but does no damage.
You hear some strange, mumbled words.
A puff of flame appears from out of thin air!
The puff of flame hits you but does no damage.
The orc priest calls down the wrath of Beogh upon you.
Beogh smites you!
The scorpion stings you but does no damage.
The orc priest invokes the aid of Beogh against you.
Beogh smites you!
The orc priest casts a cantrip, but nothing happens.
The orc priest begins to cast a cantrip, but forgets the words!
The orc priest calls down the wrath of Beogh upon you.
Beogh smites you!
The orc priest invokes the aid of Beogh against you.
Beogh smites you!
* * * LOW HITPOINT WARNING * * *
You are too injured to fight recklessly!
The scorpion closely misses you.
There is an open door here.
You open the door. The scorpion closely misses you. The scorpion stings you.
* * * LOW HITPOINT WARNING * * *
There is an open door, spattered with blood here.
The orc priest calls upon Beogh to heal something.
The orc priest invokes the aid of Beogh against you.
Beogh smites you!
You die...

#.................##......#.
#.................#.......'.
#.................#.......#.
#.................#.......#.
#...##....####)#####....###.
#...#########.....##....#...
#..............>..#.....#...
#.................#)....#...
#..........@......).....+...
#.........s##.....#######...
#..........######## #...
##)######...##.....# #...
#.).....##'###.....# #...
#.......#....#.....# #...
#.......#....'.....# #...
#.......o...##.....# #...
#......o############


You could see a scorpion and an orc priest.

Vanquished Creatures
  Prince Ribbit (D:5)
  Eustachio (D:3)
  2 ogres
  Blork the orc (D:5)
  A vampire bat (D:3)
  A hound (D:3)
  A jelly (D:4)
  An orc priest (D:5)
  Ijyb (D:4)
  Terence (D:2)
  A hound zombie (D:5)
  4 gnolls (D:5)
  A howler monkey zombie (D:3)
  3 adders
  A white imp (D:5)
  An ufetubus (D:5)
  An adder skeleton (D:4)
  A worm (D:2)
  2 dart slugs
  3 fire bats (D:3)
  17 orcs
  2 spectral bats (D:3)
  15 bats
  3 bat skeletons (D:3)
  A bat zombie (D:3)
  12 endoplasms
  3 giant cockroaches
  4 goblins
  5 hobgoblins
  20 jackals
  6 kobolds
  3 quokkas
  7 ball pythons
  A bat simulacrum (D:3)
  6 frilled lizards
  A jackal zombie (D:3)
  6 rats
141 creatures vanquished.

Vanquished Creatures (others)
  5 toadstools (D:1)
5 creatures vanquished.

Grand Total: 146 creatures vanquished

Notes
Turn   | Place    | Note
-------+----------+-------------------------------------------
     0 | D:1      | DasRunzen the Demigod Gladiator began the quest for the
                  | Orb.
     0 | D:1      | Reached XP level 1. HP: 17/17 MP: 3/3
    91 | D:1      | Reached XP level 2. HP: 24/24 MP: 4/4
   604 | D:1      | Reached XP level 3. HP: 28/29 MP: 6/6
   735 | D:1      | Reached skill level 1 in Armour
  1272 | D:2      | Reached skill level 1 in Spellcasting
  1681 | D:2      | Noticed Terence
  1694 | D:2      | Killed Terence
  1695 | D:2      | Reached XP level 4. HP: 11/37 MP: 8/8
  2986 | D:3      | Reached XP level 5. HP: 42/42 MP: 10/10
  3597 | D:4      | Noticed Ijyb
  3599 | D:4      | Noticed Eustachio
  3606 | D:4      | Killed Ijyb
  3607 | D:4      | Reached XP level 6. HP: 49/51 MP: 12/12
  4085 | D:3      | Killed Eustachio
  4719 | D:5      | Entered Level 5 of the Dungeon
  4731 | D:5      | Reached XP level 7. HP: 55/57 MP: 13/13
  4740 | D:5      | Noticed Blork the orc
  4778 | D:5      | Killed Blork the orc
  5008 | D:5      | Found a staircase to the Ecumenical Temple.
  5054 | D:5      | Reached skill level 1 in Shields
  5103 | D:5      | Noticed Prince Ribbit
  5122 | D:5      | Killed Prince Ribbit
  5692 | D:5      | Killed from afar by an orc priest

Illustrated notes

Levels and vault maps discovered:
D:1:      ldierk_walled_garden, layout_loops_cross
D:2:      layout_basic, hellmonk_ecumenical_altar_run_dry, kennysheep_donut,
          minmay_splitting_lines, serial_bayou_pond_d, uniq_terence
D:3:      layout_rooms, nemelex_dance_club_becter,
          lemuel_zombie_altar_yredelemnul, goddamned_bats
D:4:      layout_cave_pools, uniq_ijyb, uniq_eustachio
D:5:      layout_gridville, dancing_weapons_uskayaw,
          minmay_temple_entry_enclosed_plants, uniq_prince_ribbit1,
          uniq_blork_the_orc

Skill      XL: |  1  2  3  4  5  6  7 |
---------------+----------------------+-----
Fighting       | 2 3 4 |  4.2
Dodging        | 3 4 |  4.5
Polearms       | 3 4 |  4.6
Armour         | 1 2 3 |  3.3
Spellcasting   | 1 2 3 |  3.1
Shields        | 1 |  1.8
Throwing       | |  1.7

Action                   |  1- 3 |  4- 6 |  7- 9 || total
-------------------------+-------+-------+-------++-------
Melee: Trident           |   141 |   276 |    94 ||   511
       Unarmed           |       |    23 |       ||    23
Evoke: Wand              |       |     6 |       ||     6
  Use: Scroll            |     1 |    12 |       ||    13
 Stab: Sleeping          |     1 |     6 |       ||     7
Armor: Leather armour    |    33 |   148 |    42 ||   223
       Skin              |       |     8 |       ||     8
Dodge: Dodged            |    81 |   333 |    84 ||   498
Block: Buckler           |       |     9 |    20 ||    29

Table legend: (Time is in decaauts)
 A = Elapsed time spent in this place.
 B = Non-inter-level travel time spent in this place.
 C = Inter-level travel time spent in this place.
 D = Time resting spent in this place.
 E = Time spent auto-exploring this place.
 F = Levels seen in this place.
 G = Mean time per level.
                   A        B        C        D        E       F      G
               +--------+--------+--------+--------+--------+-----+--------+
         Total |   5767 |   5676 |     91 |    924 |   3674 |   5 | 1153.4 |
       Dungeon |   5767 |   5676 |     91 |    924 |   3674 |   5 | 1153.4 |
               +--------+--------+--------+--------+--------+-----+--------+

Top non-repeatable levels by time:
     D:3: 1719 daAuts
     D:2: 1421 daAuts
     D:1: 1050 daAuts
     D:5: 966 daAuts
     D:4: 609 daAuts
